Map: Capullo de rosa EE

Players

Sejota

  • Race: Terran Terran
  • League: Silver
  • Spawn Location: 11:00

decao

  • Race: Protoss Protoss
  • Spawn Location: 11:00

magriola

  • Race: Terran Terran
  • League: Silver
  • Spawn Location: 11:00

MrFercho - Winner!

  • Race: Zerg Zerg
  • League: Silver
  • Spawn Location: 5:00

TATORREA - Winner!

  • Race: Protoss Protoss
  • League: Silver
  • Spawn Location: 5:00

tigro - Winner!

  • Race: Terran Terran
  • League: Bronze
  • Spawn Location: 5:00

VOD

Have the link to the VOD?

Description

Time

  • Played on: June 8, 2020, 8:47 p.m.
  • Length: 27:27
Show
View Real Time Build Order
Export as new Build Order

Sejota Terran 

Build Orders: Reaper Expand 

Get SALT Encoding   

  12  0:01  SCV  
  13  0:18  Supply Depot  
  13  0:19  SCV  
  15  0:35  SCV  
  15  0:37  Refinery  
  15  0:43  Barracks  
  15  0:58  SCV  
  16  1:10  SCV  
  17  1:22  SCV  
  18  1:30  Supply Depot  
  18  1:37  Orbital Command  
  18  1:40  Refinery  
  18  1:42  Reaper  
  19  2:17  Factory  
  19  2:36  SCV  
  20  2:38  Barracks Tech Lab  
  20  2:40  Command Center  
  20  2:48  SCV  
  21  3:12  Starport, Engineering Bay  
  20  3:22  Siege Tank  
  23  3:32  SCV  
  24  3:44  SCV  
  24  3:46  Supply Depot  
  25  3:49  Hi-Sec Auto Tracking  
  25  3:50  Starport Reactor  
  25  4:02  Sensor Tower  
  25  4:11  Missile Turret  
  25  4:22  SCV  
  26  4:30  Missile Turret  
  26  4:32  Refinery  
  26  4:34  SCV  
  26  4:37  Refinery  
  27  4:45  Planetary Fortress  
  27  4:46  SCV  
  27  4:50  Missile Turret  
  28  4:58  SCV  
  29  5:03  Missile Turret  
  29  5:10  Siege Tank  
  29  5:11  Missile Turret  
  32  5:18  Viking  
  34  5:24  Viking, Missile Turret  
  34  5:28  SCV  
  37  5:30  Missile Turret, SCV  
  38  5:47  Missile Turret  
  38  5:55  SCV  
  39  6:02  SCV  
  40  6:07  SCV  
  41  6:14  SCV  
  39  6:21  Siege Tank  
  42  6:34  Command Center  
  42  6:35  SCV  
  42  6:36  SCV  
  44  6:40  Viking  
  46  6:48  SCV x2  
  46  6:53  Siege Tank  
  51  6:57  Supply Depot  
  51  7:00  SCV  
  51  7:01  SCV  
  53  7:07  Sensor Tower  
  53  7:12  SCV  
  54  7:18  Viking x2  
  54  7:21  Supply Depot  
  58  7:33  SCV  
  59  7:45  SCV  
  59  7:47  Command Center  
  60  7:54  SCV  
  60  7:57  SCV  
  62  8:00  SCV  
  63  8:06  SCV  
  63  8:09  SCV  
  65  8:13  SCV  
  66  8:25  SCV  
  67  8:52  Siege Tank  
  67  8:54  Factory  
  70  9:01  Planetary Fortress  
  70  9:18  Missile Turret  
  70  9:19  Planetary Fortress  
  70  9:24  Siege Tank  
  73  9:36  Armory  
  73  9:37  Factory, Missile Turret  
  73  9:48  Factory Tech Lab  
  73  9:56  Siege Tank, Missile Turret  
  76  10:05  Supply Depot  
  76  10:07  Viking x2  
  76  10:11  SCV  
  81  10:16  Missile Turret  
  81  10:18  Refinery  
  71  10:23  SCV, Refinery, Factory Tech Lab  
  71  10:24  Armory  
  71  10:27  Supply Depot, Starport  
  72  10:28  Siege Tank  
  72  10:29  Terran Vehicle And Ship Armor Level 1  
  72  10:30  Siege Tank  
  72  10:35  SCV  
  79  10:37  Viking x2  
  79  10:39  Missile Turret  
  83  10:59  Missile Turret  
  83  11:03  Starport, Missile Turret, Siege Tank  
  86  11:07  Viking x2  
  90  11:15  Starport Reactor  
  90  11:17  Terran Ship Weapons Level 1  
  90  11:22  Supply Depot, Missile Turret  
  90  11:37  Viking x2  
  90  11:38  Fusion Core  
  94  11:43  Starport, SCV  
  94  11:44  Supply Depot  
  95  11:55  SCV  
  96  12:07  Viking x2  
  96  12:08  SCV  
  98  12:20  SCV  
  88  12:32  SCV  
  88  12:37  Viking x2  
  84  13:10  Siege Tank  
  84  13:11  Siege Tank  
  84  13:12  Starport Tech Lab  
  90  13:13  Starport Tech Lab  
  90  13:18  Viking  
  90  13:19  Viking  
  94  13:24  Viking x2  
  94  13:26  Terran Vehicle And Ship Armor Level 2  
  98  13:27  Terran Ship Weapons Level 2  
  98  13:33  Supply Depot  
  95  13:43  Siege Tank  
  95  13:48  Viking, Command Center  
  95  13:49  Viking  
  95  13:54  Viking x2  
  98  13:56  Supply Depot  
  93  14:18  Viking  
  93  14:19  Viking, Siege Tank x2  
  93  14:24  Viking x2  
  107  14:27  Battlecruiser  
  107  14:28  Battlecruiser  
  107  14:29  Smart Servos  
  119  14:48  Viking  
  119  14:49  Viking  
  123  14:54  Viking x2  
  72  15:28  Siege Tank  
  72  15:29  Siege Tank  
  72  15:32  Battlecruiser  
  72  15:33  Battlecruiser  
  79  16:00  Siege Tank  
  79  16:01  Siege Tank  
  83  16:17  Command Center  
  83  16:18  Command Center  
  83  16:25  Refinery  
  83  16:26  Planetary Fortress  
  83  16:28  Refinery  
  83  16:41  Sensor Tower  
  83  16:44  Battlecruiser  
  89  16:48  Siege Tank  
  92  17:02  Missile Turret  
  84  17:32  Missile Turret  
  84  17:33  Terran Vehicle And Ship Armor Level 3  
  79  17:52  Missile Turret  
  79  18:07  SCV  
  80  18:19  SCV  
  81  18:27  Planetary Fortress  
  81  18:31  Missile Turret, SCV  
  82  18:43  Viking, SCV  
  82  18:44  Viking x3  
  91  18:52  SCV  
  91  18:53  SCV  
  91  18:55  SCV  
  70  19:04  SCV  
  70  19:06  SCV  
  70  19:07  SCV  
  73  19:13  Viking  
  73  19:14  Viking x3  
  73  19:16  SCV  
  82  19:18  SCV  
  83  19:27  Terran Ship Weapons Level 3  
  83  19:28  SCV  
  83  19:30  SCV  
  85  19:40  SCV  
  85  19:42  SCV  
  85  19:43  Viking  
  85  19:44  Viking x3  
  95  20:13  Viking  
  80  20:25  Viking  
  80  20:26  Viking x2  
  67  20:43  Viking  
  69  20:55  Viking  
  69  20:56  Viking x2  
  74  21:13  Viking  
  73  21:25  Viking, SCV  
  74  21:26  Viking x2  
  74  21:37  SCV  
  66  21:43  Viking  
  59  21:49  SCV  
  60  21:55  Viking  
  60  21:56  Viking x2  
  66  22:01  SCV  
  67  22:13  Viking, SCV  
  70  22:25  Viking, Missile Turret  
  70  22:26  Viking  
  74  22:41  Command Center  
  74  22:45  Missile Turret  
  74  22:52  Missile Turret  
  74  22:55  Missile Turret  
  74  23:05  Missile Turret  
  74  23:06  Refinery  
  74  23:12  Missile Turret  
  72  23:16  Missile Turret  
  69  23:27  Missile Turret  
  62  23:32  Missile Turret  
  59  23:37  Planetary Fortress  
  43  23:53  Refinery  
  38  23:59  Viking, Battlecruiser  
  38  24:00  Viking  
  38  24:01  Viking  
  34  24:29  Viking  
  34  24:30  Viking, Missile Turret  
  37  24:36  Viking  
  33  24:49  Missile Turret  
  33  24:55  Command Center  
  33  25:07  Viking x3  
  21  25:52  Viking  
  23  26:00  SCV  
  24  26:12  SCV  
Show
View Real Time Build Order
Export as new Build Order

decao Protoss 

Build Orders: 1 Gate Expand 

Get SALT Encoding   

  12  0:05  Probe  
  13  0:17  Pylon  
  13  0:44  Gateway  
  13  1:14  Nexus  
  13  1:23  Pylon  
  13  1:31  Zealot (Chrono Boost)  
  15  2:08  Zealot (Chrono Boost)  
  17  2:30  Probe  
  18  2:37  Assimilator  
  18  2:41  Assimilator  
  18  2:43  Probe  
  19  2:54  Cybernetics Core  
  19  2:55  Probe  
  20  3:07  Probe  
  21  3:19  Probe  
  22  3:24  Forge  
  22  3:27  Probe  
  22  3:29  Pylon  
  22  3:31  Probe  
  24  3:39  Probe  
  25  3:43  Probe  
  26  3:51  Probe  
  27  4:03  Photon Cannon  
  27  4:04  Probe  
  27  4:05  Pylon  
  27  4:06  Probe  
  29  4:12  Gateway  
  29  4:14  Gateway  
  29  4:18  Probe  
  30  4:25  Pylon  
  30  4:38  Photon Cannon  
  30  4:44  Assimilator  
  30  4:50  Assimilator  
  30  4:53  Gateway  
  30  4:54  Protoss Ground Weapons Level 1  
  30  4:58  Pylon  
  30  5:05  Warp Gate (Chrono Boost)  
  30  5:30  Pylon  
  30  5:34  Pylon  
  30  5:50  Zealot  
  30  5:51  Zealot x2  
  36  6:05  Twilight Council  
  36  6:17  Zealot (Chrono Boost)  
  36  6:18  Zealot (Chrono Boost)  
  40  6:40  Photon Cannon  
  40  6:42  Charge (Chrono Boost)  
  40  6:43  Photon Cannon  
  40  6:48  Photon Cannon  
  40  6:50  Probe (Chrono Boost)  
  40  6:53  Pylon  
  41  7:00  Probe (Chrono Boost)  
  42  7:05  Probe (Chrono Boost)  
  43  7:13  Probe  
  44  7:17  Probe  
  45  7:23  Zealot x3  
  45  7:24  Zealot  
  45  7:25  Probe  
  45  7:29  Probe  
  55  7:37  Probe  
  56  7:47  Photon Cannon  
  56  7:49  Probe  
  52  8:01  Probe  
  53  8:09  Photon Cannon  
  53  8:11  Photon Cannon  
  53  8:13  Photon Cannon  
  53  8:19  Dark Shrine  
  41  9:08  Protoss Ground Weapons Level 2 (Chrono Boost)  
  35  9:26  Robotics Facility  
  35  9:33  Gateway  
  35  9:34  Gateway  
  35  9:39  Dark Templar  
  35  9:40  Dark Templar x2  
  35  9:41  Dark Templar  
  35  10:43  Zealot x2  
  35  10:44  Zealot x2  
  35  10:45  Zealot  
  35  10:46  Zealot  
  47  10:52  Observer  
  48  11:22  Gateway  
  48  11:23  Gateway  
  48  11:27  Gateway, Zealot x2  
  48  11:28  Gateway, Zealot x2  
  48  11:29  Zealot  
  48  11:30  Zealot  
  60  11:50  Dark Templar  
  60  11:51  Dark Templar  
  60  11:52  Dark Templar x2  
  60  11:53  Dark Templar  
  36  12:14  Zealot  
  38  12:26  Zealot x2  
  38  12:27  Zealot x3  
  38  12:28  Zealot x2  
  38  12:29  Zealot  
  54  12:30  Zealot  
  36  13:01  Warp Prism  
  38  13:26  Gateway  
  38  13:31  Zealot  
  40  13:37  Zealot x2  
  40  13:38  Zealot x2  
  40  13:39  Zealot  
  40  13:40  Zealot  
  52  13:41  Zealot  
  52  13:42  Zealot  
  36  14:56  Protoss Ground Weapons Level 3  
  36  15:09  Warp Prism  
  38  15:25  Zealot x3  
  38  15:26  Zealot x2  
  38  15:27  Zealot x2  
  38  15:28  Zealot x2  
  53  15:29  Zealot  
  41  16:17  Dark Templar x3  
  41  16:18  Dark Templar x2  
  47  16:19  Dark Templar x2  
  47  16:20  Dark Templar  
  47  16:21  Dark Templar x2  
  57  17:00  Photon Cannon  
  57  17:12  Pylon  
  57  17:18  Stalker  
  57  17:19  Stalker x2  
  57  17:20  Stalker  
  57  17:21  Stalker x2  
  64  17:39  Dark Templar  
  46  19:36  Nexus  
  46  20:05  Nexus  
  46  20:24  Pylon  
  46  20:42  Pylon  
  46  21:01  Dark Templar  
  46  21:02  Dark Templar x2  
  46  21:03  Dark Templar x2  
  46  21:04  Dark Templar  
  58  21:27  Probe (Chrono Boost)  
  59  21:37  Probe (Chrono Boost)  
  60  21:42  Probe (Chrono Boost)  
  61  21:54  Probe  
  62  22:06  Probe  
  63  22:16  Probe  
  64  22:28  Probe  
  65  22:40  Probe  
  56  22:52  Probe  
  55  23:04  Probe  
  56  23:16  Dark Templar x3  
  56  23:17  Dark Templar x2  
  56  23:18  Dark Templar x2  
  65  23:54  Dark Templar  
  65  23:55  Dark Templar x2  
  71  23:56  Dark Templar  
  71  23:57  Dark Templar  
  71  23:58  Dark Templar  
  28  25:26  Probe  
  29  25:38  Probe  
  30  25:46  Probe  
  31  25:50  Probe  
  32  26:02  Pylon, Probe  
  33  26:15  Pylon, Probe  
  33  26:18  Pylon  
  34  26:22  Pylon  
  34  26:41  Stargate  
  34  26:42  Stargate  
  34  26:44  Stargate  
  34  26:47  Stargate  
  34  26:57  Gateway  
Show
View Real Time Build Order
Export as new Build Order

magriola Terran 

Build Orders:  

Get SALT Encoding   

  12  0:02  SCV  
  13  0:13  Refinery  
  13  0:36  Supply Depot, SCV  
  14  0:47  Refinery  
  14  0:49  SCV  
  15  1:01  SCV  
  15  1:03  Barracks  
  16  1:13  SCV  
  17  1:25  SCV  
  18  1:58  Factory  
  18  2:00  Barracks Tech Lab  
  18  2:24  Marine  
  19  2:33  SCV  
  20  2:46  Factory Tech Lab, SCV  
  21  2:55  Command Center  
  21  2:58  SCV  
  22  3:00  Starport  
  22  3:03  Marine  
  23  3:39  Engineering Bay  
  23  3:40  Orbital Command  
  23  3:48  Starport Tech Lab  
  23  3:52  Supply Depot  
  23  4:07  Siege Tank  
  26  4:11  Orbital Command  
  26  4:16  Supply Depot  
  27  4:17  SCV  
  27  4:29  SCV  
  28  4:39  Supply Depot  
  28  4:41  SCV  
  28  4:44  Siege Tank  
  32  4:46  Marine  
  32  4:49  Factory  
  32  4:52  Cloaking Field  
  33  5:04  Marine  
  33  5:05  SCV  
  35  5:10  SCV  
  35  5:13  Refinery  
  36  5:17  SCV  
  37  5:39  Refinery  
  37  5:46  Factory Tech Lab  
  37  5:57  Siege Tank  
  37  6:03  SCV  
  41  6:05  SCV  
  42  6:15  SCV  
  42  6:17  SCV  
  44  6:27  Banshee, SCV  
  44  6:29  SCV  
  44  6:30  Barracks  
  49  6:38  Siege Tank x2  
  49  6:39  SCV  
  56  6:41  SCV  
  57  6:51  SCV  
  57  6:54  Missile Turret, SCV  
  59  7:03  SCV  
  59  7:06  SCV  
  61  7:10  Banshee, Siege Tank  
  61  7:14  Missile Turret  
  68  7:15  SCV  
  68  7:18  SCV  
  68  7:19  Barracks  
  69  7:23  Combat Shield  
  69  7:27  SCV  
  69  7:29  Siege Tank  
  73  7:30  SCV  
  73  7:35  Supply Depot  
  74  7:37  Missile Turret  
  74  7:39  Barracks Reactor  
  74  7:52  Armory  
  74  7:58  Supply Depot  
  74  8:02  Missile Turret  
  74  8:17  Siege Tank x2  
  80  8:21  Supply Depot  
  77  8:41  Armory  
  77  8:44  Supply Depot  
  77  8:49  Siege Tank  
  77  8:56  Thor  
  83  9:08  Supply Depot  
  83  9:11  Barracks Reactor  
  83  9:15  Terran Vehicle Weapons Level 1  
  83  9:21  Thor  
  89  9:36  Command Center  
  89  10:05  Supply Depot  
  89  10:07  Factory  
  89  10:24  Thor x2  
  89  10:28  Supply Depot  
  94  10:52  Supply Depot  
  94  10:58  Terran Vehicle And Ship Armor Level 1  
  94  11:05  Terran Infantry Weapons Level 1  
  94  11:14  Supply Depot  
  94  11:17  Engineering Bay  
  94  11:28  Banshee  
  97  11:36  Supply Depot  
  97  11:44  Ghost Academy  
  97  11:59  Supply Depot  
  97  12:11  Banshee  
  97  12:14  Ghost Academy  
  94  12:16  Terran Vehicle Weapons Level 2  
  94  12:20  Terran Infantry Armor Level 1  
  94  12:22  Supply Depot  
  94  12:23  SCV  
  95  12:36  SCV  
  96  12:41  Personal Cloaking  
  96  12:45  Supply Depot  
  96  12:46  Nuke  
  96  12:48  SCV  
  97  12:51  Marine  
  97  12:52  Marine x4  
  97  12:53  Banshee  
  105  13:00  SCV  
  105  13:03  Factory Tech Lab  
  105  13:04  Barracks  
  106  13:09  Marine x2  
  106  13:10  Marine x3  
  106  13:12  SCV  
  112  13:17  Factory  
  103  13:21  Siege Tank  
  103  13:22  Siege Tank x2  
  112  13:27  Marine x3  
  112  13:28  Marine x2  
  112  13:29  Enhanced Shockwaves  
  117  13:45  Marine x5  
  122  13:53  Barracks  
  122  13:54  Siege Tank x2  
  121  14:02  Marine  
  121  14:03  Marine x4  
  126  14:20  Marine  
  126  14:21  Marine x3  
  131  14:34  Barracks Reactor  
  131  14:35  Stimpack  
  131  14:38  Marine  
  130  14:39  Marine x4  
  130  14:41  Marine  
  136  14:48  Nuke  
  136  14:51  Siege Tank  
  139  14:56  Marine x3, SCV  
  139  14:57  Marine x2  
  139  14:58  Marine  
  146  15:06  Refinery  
  146  15:07  Refinery  
  146  15:08  SCV  
  146  15:13  Ghost  
  147  15:14  Marine  
  147  15:20  SCV  
  151  15:32  SCV  
  152  15:42  Ghost  
  154  15:44  SCV  
  144  16:10  Ghost  
  145  16:13  Barracks Reactor  
  145  16:17  Terran Vehicle And Ship Armor Level 2, Terran Vehicle Weapons Level 3  
  145  16:40  Thor x2  
  145  16:41  Thor  
  98  17:10  Nuke  
  86  17:23  Thor  
  90  17:38  Thor x2  
  90  17:41  Marine x4  
  90  17:42  Marine x5  
  111  17:59  Marine x6  
  111  18:00  Marine x3  
  120  18:06  Factory Tech Lab  
  120  18:11  Factory  
  120  18:16  Marine  
  120  18:17  Marine x7  
  120  18:18  Marine  
  129  18:34  Marine  
  129  18:35  Marine x8  
  138  18:45  Thor x3  
  156  18:52  Marine x2  
  156  18:53  Marine x7  
  165  19:10  Marine x3  
  165  19:11  Marine x6  
  174  19:20  Orbital Command  
  174  19:27  Thor  
  174  19:28  Marine x5  
  174  19:29  Marine x4  
  189  19:44  Refinery  
  189  19:47  Marine  
  190  19:57  Terran Vehicle And Ship Armor Level 3  
  190  19:58  Terran Infantry Weapons Level 2, Terran Infantry Armor Level 2  
  190  20:03  Marine  
  190  20:04  Marine x8  
  199  20:10  Refinery  
  199  20:21  Marine x3  
  177  20:22  Marine x6  
  119  20:39  Marine x5  
  119  20:40  Marine  
  94  20:56  Factory Tech Lab  
  93  20:59  Thor x2  
  93  21:00  Thor  
  111  21:10  SCV  
  112  21:22  SCV  
  113  21:34  SCV  
  113  21:42  Thor x2  
  113  21:46  SCV  
  123  21:58  SCV  
  121  22:29  Marine  
  121  22:30  Marine x8  
  121  22:32  Orbital Command  
  130  22:43  Thor x3  
  146  22:44  Thor  
  146  22:46  Thor  
  146  22:47  Marine  
  146  22:48  Marine x8  
  162  23:05  Marine x2  
  162  23:06  Marine x7  
  162  23:10  Planetary Fortress  
  163  23:23  Marine x4  
  163  23:24  Marine x5  
  169  23:27  Refinery  
  156  23:42  Marine  
  117  24:04  Command Center  
  114  24:28  Command Center  
  31  26:51  Refinery  
  31  27:09  SCV  
Show
View Real Time Build Order
Export as new Build Order

MrFercho Zerg - Winner!

Build Orders: Hatch First 

Get SALT Encoding   

  12  0:01  Drone  
  13  0:15  Overlord  
  13  0:18  Drone  
  14  0:33  Drone x2  
  16  0:38  Drone  
  17  0:48  Drone  
  18  1:04  Hatchery, Drone  
  18  1:17  Spawning Pool  
  17  1:22  Drone x2  
  19  1:29  Extractor  
  19  1:31  Drone  
  19  1:41  Drone  
  20  1:56  Drone  
  21  2:03  Drone  
  22  2:14  Overlord  
  22  2:15  Queen  
  22  2:16  Queen  
  22  2:18  Drone  
  27  2:25  Overlord  
  27  2:27  Drone  
  28  2:35  Drone  
  29  2:37  Drone  
  30  2:46  Drone  
  30  2:48  Drone  
  32  2:57  Drone  
  33  3:02  Extractor  
  33  3:03  Drone  
  33  3:06  Extractor  
  33  3:07  Drone  
  33  3:12  Drone  
  34  3:18  Drone  
  35  3:24  Queen  
  35  3:26  Lair  
  37  3:27  Drone x4  
  37  3:28  Drone  
  37  3:30  Drone  
  37  3:32  Drone  
  44  3:36  Overlord  
  44  3:37  Hatchery  
  44  3:38  Drone  
  44  3:51  Overlord x2  
  44  4:01  Roach Warren  
  44  4:02  Drone  
  44  4:03  Drone  
  45  4:18  Drone  
  45  4:19  Drone x3  
  49  4:29  Drone x2  
  51  4:40  Drone x4  
  51  4:44  Drone  
  51  4:45  Evolution Chamber  
  55  4:48  Evolution Chamber  
  54  4:53  Drone x5  
  54  4:57  Drone  
  60  5:23  Drone x4  
  60  5:24  Drone x2  
  60  5:25  Overlord  
  66  5:35  Hydralisk Den  
  65  5:37  Zerg Ground Armor Level 1, Zerg Missile Weapons Level 1  
  65  5:43  Overlord x3  
  65  5:44  Overlord x2  
  65  5:58  Drone  
  65  5:59  Drone x4  
  70  6:05  Extractor  
  70  6:06  Extractor  
  70  6:07  Spore Crawler  
  67  6:12  Spore Crawler  
  67  6:16  Spore Crawler  
  65  6:20  Extractor  
  65  6:24  Grooved Spines  
  64  6:26  Drone x2  
  64  6:27  Hatchery, Drone x4  
  64  6:29  Hatchery  
  64  6:30  Drone x5  
  64  6:31  Drone x4  
  77  7:01  Drone x2  
  79  7:02  Drone x3  
  79  7:03  Drone x2  
  84  7:08  Hydralisk  
  84  7:09  Hydralisk  
  84  7:15  Hatchery  
  87  7:23  Infestation Pit  
  86  7:35  Muscular Augments  
  86  7:36  Hydralisk x9  
  102  7:41  Extractor  
  102  7:42  Overlord  
  102  7:43  Overlord  
  102  7:44  Extractor  
  102  8:14  Hydralisk x15  
  132  8:28  Drone x4  
  132  8:29  Drone x3  
  139  8:37  Queen  
  141  9:02  Hatchery  
  140  9:07  Hatchery  
  139  9:11  Hydralisk x4  
  139  9:13  Overlord x4  
  147  9:56  Hatchery  
  146  10:03  Overlord x2  
  146  10:04  Overlord x2  
  146  10:06  Overlord  
  146  10:09  Hydralisk x8  
  146  10:10  Hydralisk x9  
  146  10:13  Zerg Missile Weapons Level 2, Zerg Ground Armor Level 2  
  180  10:28  Hydralisk x10  
  182  10:31  Extractor x2  
  182  10:32  Overseer x2  
  166  10:44  Hydralisk  
  166  10:45  Hydralisk x4  
  166  10:46  Hydralisk  
  166  10:59  Spore Crawler  
  166  11:00  Spore Crawler  
  166  11:03  Spine Crawler  
  163  11:06  Hydralisk x18  
  195  11:54  Hydralisk x2  
  195  11:55  Hydralisk x6  
  195  11:57  Hydralisk x4  
  195  11:58  Hydralisk  
  195  11:59  Hydralisk x5  
  195  12:00  Hydralisk  
  193  12:02  Pneumatized Carapace  
  193  12:05  Hydralisk x2  
  193  12:06  Hydralisk x7  
  137  12:20  Hydralisk x5  
  137  12:21  Hydralisk x6  
  137  12:22  Hydralisk x6  
  171  12:59  Hydralisk x14  
  135  13:28  Spire  
  134  13:39  Hydralisk x5  
  134  13:40  Hydralisk x18  
  134  13:41  Hydralisk  
  146  14:08  Drone  
  146  14:09  Drone x5  
  153  14:10  Drone x3  
  153  14:11  Drone x3  
  153  14:12  Drone  
  159  14:34  Hydralisk  
  159  14:35  Hydralisk x15  
  191  14:42  Hydralisk x3  
  197  14:48  Hive  
  147  15:31  Hatchery  
  140  15:35  Hydralisk  
  140  15:36  Hydralisk x19  
  160  16:02  Hydralisk x3  
  160  16:03  Hydralisk x7  
  150  16:05  Extractor, Hatchery, Hydralisk  
  150  16:10  Queen  
  146  16:16  Spine Crawler  
  139  16:31  Corruptor  
  139  16:32  Corruptor x4  
  149  16:42  Drone x2  
  149  16:43  Drone x5  
  149  16:44  Drone x3  
  159  16:56  Overseer x2  
  125  17:15  Corruptor x6  
  129  17:16  Corruptor  
  135  17:34  Extractor  
  118  17:57  Hydralisk x15  
  146  18:12  Hatchery  
  145  18:14  Greater Spire  
  145  18:41  Hydralisk  
  145  18:42  Hydralisk x20  
  177  19:04  Hydralisk  
  177  19:05  Hydralisk x10  
  197  19:15  Zerg Missile Weapons Level 3, Zerg Ground Armor Level 3  
  197  19:53  Extractor  
  196  20:19  Brood Lord  
  196  20:20  Brood Lord x3  
  196  20:21  Brood Lord  
  200  20:23  Brood Lord  
  200  20:26  Hydralisk  
  200  20:27  Hydralisk x14  
  200  20:28  Hydralisk  
  198  20:31  Hydralisk x6  
  198  20:32  Hydralisk  
  192  20:43  Hydralisk x2  
  192  20:44  Hydralisk x2  
  182  21:04  Hydralisk x9  
  192  21:14  Drone x3  
  192  21:16  Extractor  
  189  21:18  Drone  
  189  21:20  Hydralisk x7  
  187  21:33  Hydralisk x2  
  187  21:34  Hydralisk x7  
  143  22:00  Hydralisk x3  
  143  22:01  Hydralisk x9  
  149  22:16  Hydralisk x7  
  163  22:23  Hydralisk  
  163  22:24  Hydralisk x2  
  163  22:25  Hydralisk  
  171  22:32  Overseer x2  
  171  22:35  Overseer  
  171  23:16  Spine Crawler  
  156  23:40  Corruptor x2  
  156  23:41  Corruptor x14  
  150  23:50  Hydralisk  
  150  23:51  Hydralisk x3  
  134  24:30  Hydralisk  
  134  24:31  Hydralisk x10  
  156  24:39  Brood Lord  
  156  24:40  Hatchery  
  156  24:42  Extractor  
  156  24:43  Extractor  
  155  24:58  Overseer  
  147  25:37  Hydralisk x13  
  147  25:38  Hydralisk x7  
  157  26:15  Brood Lord x4  
  157  26:37  Hydralisk x8  
  157  26:38  Hydralisk  
  167  26:50  Brood Lord  
Show
View Real Time Build Order
Export as new Build Order

TATORREA Protoss - Winner!

Build Orders:  

Get SALT Encoding   

  12  0:02  Probe  
  13  0:20  Probe (Chrono Boost)  
  14  0:31  Pylon, Probe (Chrono Boost)  
  15  0:49  Probe  
  16  0:52  Forge  
  16  0:59  Gateway  
  16  1:01  Probe  
  17  1:12  Assimilator  
  17  1:14  Probe  
  18  1:34  Pylon  
  18  1:45  Pylon  
  18  2:00  Pylon  
  18  2:14  Photon Cannon  
  17  2:25  Probe  
  18  2:37  Probe  
  19  2:53  Nexus  
  19  2:55  Pylon  
  19  2:58  Pylon  
  19  3:01  Probe  
  19  3:02  Pylon  
  20  3:16  Probe  
  21  3:20  Zealot  
  21  3:22  Assimilator, Protoss Ground Weapons Level 1 (Chrono Boost)  
  23  3:38  Probe  
  23  3:40  Gateway  
  24  3:42  Gateway  
  24  3:46  Cybernetics Core  
  24  3:50  Probe  
  25  4:02  Probe  
  25  4:06  Probe  
  27  4:15  Probe  
  28  4:18  Probe  
  29  4:25  Twilight Council  
  29  4:31  Robotics Facility  
  29  4:32  Warp Gate (Chrono Boost), Probe x2  
  31  4:41  Stalker x2 (Chrono Boost)  
  31  4:42  Stalker (Chrono Boost)  
  37  4:51  Probe x2  
  39  5:06  Probe x2  
  41  5:20  Stalker x3  
  47  5:22  Probe x2  
  47  5:28  Assimilator  
  49  5:30  Assimilator  
  49  5:34  Charge  
  49  5:59  Probe x2  
  51  6:11  Probe x2  
  45  6:21  Stalker x2  
  45  6:22  Stalker  
  45  6:25  Protoss Ground Weapons Level 2  
  51  6:31  Warp Prism  
  53  6:35  Probe x2  
  55  6:49  Stalker x2  
  55  6:51  Zealot  
  61  6:54  Probe  
  61  7:00  Protoss Air Weapons Level 1  
  62  7:18  Nexus  
  62  7:22  Pylon  
  62  7:25  Pylon  
  62  7:28  Pylon  
  62  7:32  Pylon  
  62  7:36  Pylon  
  62  7:38  Pylon  
  62  7:40  Probe x2  
  62  7:42  Zealot  
  62  7:43  Zealot x2  
  64  8:10  Stalker x3  
  70  8:14  Immortal  
  74  8:51  Zealot  
  74  8:52  Zealot x2  
  68  9:16  Stalker  
  70  9:19  Stalker  
  70  9:20  Protoss Ground Weapons Level 3 (Chrono Boost), Stalker  
  74  9:32  Forge  
  74  9:34  Stargate  
  74  9:36  Stargate  
  74  9:43  Pylon  
  74  9:47  Pylon  
  74  9:51  Pylon  
  74  9:55  Probe x3  
  74  9:58  Pylon  
  77  10:04  Immortal  
  81  10:07  Probe x3  
  81  10:12  Robotics Bay  
  84  10:15  Protoss Air Armor Level 1  
  84  10:19  Probe x3  
  84  10:20  Templar Archives  
  77  10:31  Probe  
  74  10:39  Probe x2  
  76  10:43  Probe  
  76  10:46  Observer  
  78  10:51  Phoenix x2, Probe x2  
  78  10:55  Probe  
  78  10:57  Stalker x3  
  83  10:58  Psionic Storm  
  83  11:03  Probe x2  
  83  11:04  Extended Thermal Lance  
  89  11:07  Probe  
  90  11:15  Void Ray, Probe x2  
  90  11:16  Void Ray, Assimilator  
  100  11:20  Assimilator, Probe  
  100  11:24  Zealot  
  100  11:25  Zealot x2  
  107  11:27  Probe x2  
  107  11:32  Probe  
  110  11:39  Probe x2  
  112  11:40  Gateway  
  112  11:41  Colossus  
  112  11:43  Protoss Ground Armor Level 1 (Chrono Boost)  
  112  11:44  Gateway, Probe  
  119  11:51  Probe  
  120  11:57  Stalker  
  120  11:58  Stalker  
  124  12:10  Void Ray  
  124  12:11  Void Ray, Protoss Shields Level 1  
  95  12:41  Nexus  
  87  13:02  Fleet Beacon  
  87  13:06  Stalker x5  
  97  13:30  Zealot x4  
  97  13:31  Zealot  
  65  13:58  Zealot x3  
  65  13:59  Zealot x2  
  63  14:23  Zealot  
  63  14:24  Zealot x4  
  52  14:42  Void Ray x2  
  52  14:44  Colossus  
  60  14:56  Probe x2  
  60  14:57  Probe  
  63  15:06  High Templar x2  
  67  15:07  High Templar  
  67  15:08  High Templar  
  67  15:09  High Templar  
  67  15:12  Assimilator  
  73  15:25  Tempest, Carrier  
  84  15:30  Assimilator  
  84  15:32  Assimilator  
  84  15:45  Pylon  
  84  15:48  Pylon  
  84  15:52  Pylon  
  84  15:55  Pylon  
  84  15:57  Pylon  
  60  17:27  Tempest  
  60  17:28  Carrier  
  67  17:30  Protoss Shields Level 2, Protoss Ground Armor Level 2, High Templar  
  67  17:31  High Templar  
  67  17:32  High Templar  
  67  17:34  Stalker x2  
  77  17:42  Observer  
  78  17:51  Unknown  
  78  17:56  Protoss Air Weapons Level 2 (Chrono Boost)  
  77  18:02  Zealot x2  
  77  18:03  Zealot  
  77  18:04  Zealot  
  77  18:05  Zealot  
  82  18:10  Oracle  
  81  18:32  Tempest  
  72  18:47  Carrier  
  72  19:22  Nexus  
  72  19:25  Probe x3  
  75  19:37  Probe x3  
  78  19:42  Tempest  
  78  19:45  Assimilator x2  
  83  19:49  Probe x2  
  83  19:50  Probe  
  83  19:51  Carrier  
  92  19:59  Observer  
  93  20:01  Protoss Shields Level 3, Probe x2  
  93  20:02  Probe  
  96  20:13  Probe  
  92  20:14  Protoss Air Armor Level 2 (Chrono Boost)  
  92  20:17  Protoss Ground Armor Level 3  
  92  20:25  Tempest  
  97  20:56  Carrier  
  103  21:13  Probe x2  
  105  21:21  Probe  
  105  21:24  Colossus  
  112  21:29  Blink  
  112  21:51  Tempest  
  112  21:53  Nexus  
  117  22:06  Carrier  
  123  22:19  Immortal  
  127  22:48  Tempest  
  132  22:58  Observer  
  133  23:04  Nexus  
  133  23:10  Carrier  
  139  23:20  Observer  
  140  23:27  Protoss Air Weapons Level 3  
Show
View Real Time Build Order
Export as new Build Order

tigro Terran - Winner!

Build Orders:  

Get SALT Encoding   

  12  0:05  SCV  
  13  0:17  SCV  
  14  0:27  Supply Depot  
  14  0:29  SCV  
  15  0:46  Refinery  
  15  0:49  SCV  
  16  0:54  Barracks  
  16  1:01  SCV  
  17  1:13  SCV  
  18  1:19  Refinery  
  18  1:25  SCV  
  19  1:37  SCV  
  19  1:39  Supply Depot  
  20  1:45  Marine  
  21  1:49  SCV  
  22  2:01  Barracks  
  22  2:03  Marine  
  23  2:16  SCV  
  23  2:19  Engineering Bay  
  23  2:21  Marine  
  25  2:28  SCV  
  26  2:39  Marine  
  26  2:40  SCV  
  28  2:57  Marine  
  29  3:07  Factory  
  29  3:10  Barracks Tech Lab  
  29  3:28  Orbital Command  
  29  3:30  Barracks Tech Lab  
  29  3:32  Terran Infantry Weapons Level 1  
  29  3:58  Factory Tech Lab  
  29  4:02  Command Center  
  29  4:14  Starport  
  29  4:15  Combat Shield  
  29  4:26  Marine x2  
  31  4:43  Stimpack, Marine  
  31  4:44  Marine  
  33  4:59  Medivac  
  35  5:01  Marine x2  
  37  5:11  Missile Turret  
  37  5:22  Siege Tank  
  37  5:27  Terran Infantry Armor Level 1  
  40  5:31  Missile Turret  
  40  5:34  Concussive Shells  
  40  5:36  Refinery  
  40  5:41  SCV  
  41  5:53  SCV  
  42  6:05  SCV  
  42  6:10  Missile Turret  
  43  6:17  SCV, Refinery  
  44  6:29  SCV  
  44  6:31  Starport Tech Lab  
  45  6:41  SCV  
  46  6:49  Missile Turret  
  46  6:53  SCV  
  47  7:01  Infernal Pre-Igniter  
  47  7:05  SCV  
  48  7:13  Fusion Core  
  48  7:17  SCV  
  48  7:20  Neosteel Armor  
  49  7:26  Missile Turret  
  50  7:30  SCV  
  50  7:34  Marine x2  
  52  7:38  Siege Tank  
  52  7:42  SCV  
  56  7:44  Medivac  
  58  7:51  Marine  
  58  7:52  Marine  
  60  8:02  Armory  
  60  8:09  Marine x2  
  60  8:20  Mag-Field Accelerator  
  60  8:27  Marine x2  
  62  8:47  Weapon Refit  
  62  8:51  Supply Depot  
  62  9:01  Hi-Sec Auto Tracking  
  62  9:12  Marine x2, Siege Tank  
  62  9:13  Planetary Fortress  
  67  9:42  Supply Depot  
  67  9:43  Terran Vehicle Weapons Level 1  
  67  9:44  Siege Tank  
  70  9:49  Battlecruiser  
  76  9:57  Terran Infantry Armor Level 2  
  76  10:23  Missile Turret  
  76  10:27  Rapid Reignition System  
  76  10:43  Missile Turret  
  76  11:05  Missile Turret  
  76  11:14  Command Center  
  76  11:23  Advanced Ballistics  
  76  11:25  Missile Turret  
  76  11:37  Terran Vehicle And Ship Armor Level 1  
  76  11:42  Marine x2  
  76  11:45  Missile Turret  
  78  11:55  Battlecruiser  
  78  12:00  Marine x2  
  86  12:13  Terran Infantry Weapons Level 2  
  86  12:18  Missile Turret  
  86  12:25  Marine x2  
  88  12:41  Missile Turret  
  88  12:43  Marine x2  
  53  13:00  Battlecruiser  
  53  13:01  Marine x2  
  55  13:32  Terran Ship Weapons Level 1  
  55  13:34  Refinery  
  55  13:48  Refinery  
  41  14:04  Battlecruiser  
  41  14:07  Marine x2  
  49  14:13  Thor  
  55  14:20  SCV  
  56  14:25  Marine x2  
  58  14:32  SCV  
  59  14:43  Marine x2  
  59  14:44  SCV  
  62  14:56  Thor, SCV  
  69  15:01  Marine x2  
  71  15:08  Medivac, SCV  
  74  15:18  Marine  
  74  15:19  Marine  
  76  15:36  Marine x2  
  76  15:38  Battlecruiser  
  76  15:39  Thor  
  90  15:54  Marine x2  
  92  16:07  Planetary Fortress  
  92  16:12  Marine x2  
  94  16:22  Thor  
  100  16:30  Marine  
  99  16:59  Battlecruiser  
  52  17:52  Marine x2  
  54  18:03  Battlecruiser  
  60  18:10  Marine x2  
  56  18:21  Thor  
  62  18:28  Marine x2  
  63  18:46  Marine x2  
  64  19:04  Thor, Marine x2  
  64  19:08  Battlecruiser  
  78  19:21  Marine  
  78  19:22  Marine  
  80  19:26  Corvid Reactor  
  80  19:29  Terran Infantry Weapons Level 3  
  80  19:30  Terran Vehicle And Ship Armor Level 2  
  80  19:34  Starport  
  80  19:39  Marine x2  
  82  19:47  Thor  
  88  19:57  Marine x2  
  90  20:12  Medivac  
  90  20:15  Marine x2  
  64  20:30  Thor  
  70  20:42  Medivac  
  72  20:44  Cloaking Field  
  54  21:12  Thor, Battlecruiser  
  54  21:17  Marine x2  
  68  21:29  Starport Tech Lab  
  68  21:35  Marine x2  
  64  21:46  Terran Vehicle Weapons Level 2  
  64  21:52  Battlecruiser  
  64  21:53  Marine x2  
  72  21:55  Thor  
  76  22:04  Hyperflight Rotors  
  76  22:06  Terran Infantry Armor Level 3  
  76  22:11  Marine x2  
  70  22:16  Battlecruiser  
  75  22:29  Marine x2  
  68  22:56  Battlecruiser  
  74  23:23  Battlecruiser  
  70  24:00  Battlecruiser  
  70  24:27  Battlecruiser  
  64  24:48  Thor  
  64  24:55  Marine x2  
  66  25:13  Marine x2  
  62  25:31  Thor  
  33  25:57  Marauder x2  
  34  26:14  Thor  
  40  26:19  Marauder x2  
  36  27:16  Supply Depot  
Tags
 
Add a new tag
Caveats
  • Supply blocks, unpowered buildings, or Contaminate may cause inaccurate times.
  • Supply counts are checked every 10 seconds.